 Dungeon Crawl Stone Soup version 0.17-a0-1830-g81820eb (webtiles) character file.

816 Rationalist the Shield-Bearer (level 8, -10/61 HPs)
             Began as a Formicid Fighter on Sept 14, 2015.
             Was an Initiate of Qazlal.
             Killed from afar by Pikel (22 damage)
             ... with a wand of fire
             ... on level 4 of the Dungeon.
             The game lasted 00:06:51 (4452 turns).

Rationalist the Shield-Bearer (Formicid Fighter)    Turns: 4452, Time: 00:06:51

Health: -10/61     AC:  7    Str: 21    XL:     8   Next: 16%
Magic:  8/8        EV: 10    Int:  8    God:    Qazlal [......]
Gold:   192        SH: 10    Dex: 12    Spells: 0 memorised, 7 levels left

rFire  . . .     SeeInvis +     n - +6 club
rCold  . . .     Clarity  .     b - +0 scale mail
rNeg   . . .     SustAt   +     c - +0 shield
rPois  .         Gourm    .     (helmet unavailable)
rElec  .         Spirit   .     (no cloak)
rCorr  .         Warding  .     (no gloves)
rMut   .         Stasis   +     (no boots)
MR     .....                    (no amulet)
Stlth  ..........               (no ring)
                                q - ring of sustain attributes

@: not resistant to hostile enchantments, extremely unstealthy
A: permanent stasis, dig shafts and tunnels, four strong arms, antennae 3
a: Dig, Shaft Self, Renounce Religion


You were on level 4 of the Dungeon.
You worshipped Qazlal.
Qazlal was noncommittal.
You were very hungry.

You visited 1 branch of the dungeon, and saw 4 of its levels.

You collected 192 gold pieces.

Inventory:

Hand weapons
 a - a +0 war axe
 n - a +6 club (weapon)
Missiles
 w - 7 tomahawks (quivered)
 x - 15 sling bullets
 y - 8 tomahawks of dispersal
Armour
 b - a +0 scale mail (worn)
 c - a +0 shield (worn)
Jewellery
 q - a ring of sustain attributes (left hand)
Scrolls
 f - a scroll of remove curse {unknown}
 g - 2 scrolls of noise {unknown}
 h - 2 scrolls of enchant weapon {unknown}
 j - 6 scrolls of identify {unknown}
 u - a scroll of random uselessness {unknown}
 v - a scroll of enchant armour {unknown}
 z - 2 scrolls of immolation {unknown}
 B - a scroll of blinking {unknown}
 C - a scroll of teleportation {unknown}
Potions
 d - a potion of might
 i - 3 potions of curing
 k - 3 potions of lignification {unknown}
 l - 3 potions of invisibility
 o - a potion of brilliance {unknown}
 t - a potion of mutation {unknown}
 A - a potion of cure mutation {unknown}
 D - a potion of haste {unknown}
 E - a potion of degeneration {unknown}
Books
 r - a Necronomicon

   Spells                             Type                      Level
   a - Haunt                          Necromancy/Summoning         7
   b - Borgnjor's Revivification      Necromancy                   8
   c - Death's Door                   Charms/Necromancy            8
   d - Necromutation                  Transmutation/Necromancy     8
Comestibles
 e - 6 bread rations
 m - a royal jelly
 p - a beef jerky
 s - 2 meat rations
 F - 2 chunks of flesh


   Skills:
 + Level 4.8 Fighting
 + Level 2.8(3.2) Axes
 + Level 2.2(2.9) Maces & Flails
 + Level 5.4 Armour
 + Level 3.0 Dodging
 + Level 1.5 Stealth
 + Level 6.5 Shields


You had 7 spell levels left.
You didn't know any spells.

Dungeon Overview and Level Annotations

Branches:
Dungeon (4/15)
 Temple: D:4-7

Altars:
Cheibriados
Kikubaaqudgha
Makhleb
Qazlal
Yredelemnul
Zin

Annotations:
D:4 Pikel, Robin


Innate Abilities, Weirdness & Mutations

You are under a permanent stasis effect.
You can dig through walls and to a lower floor.
Your four strong arms can wield two-handed weapons with a shield.
You have a pair of large antennae on your head (SInv).


Message History

The bolt of fire hits you!
* * * LOW HITPOINT WARNING * * *
It is a wand of fire.
Drink which item? (? for menu, Esc to quit)
It was a potion of curing.
You feel better.
The goblin shouts!
Pikel zaps a wand.
The bolt of fire misses you.
Pikel zaps a wand.
The bolt of fire hits you!
* * * LOW HITPOINT WARNING * * *
Items here: ))) [ †††† You sock Pikel!
Pikel is moderately wounded.
You block Pikel's attack.
Pikel zaps a wand.
The bolt of fire misses you.
You barely miss Pikel.
Pikel is moderately wounded.
You block Pikel's attack.
You barely miss Pikel.
Pikel is moderately wounded.
Pikel zaps a wand.
The bolt of fire hits you!
You die...

#.#
#...##
#.#
#.....
#.#
#..#.#
#g#
##....
#p#
#.#.#
#g#
#....
#p#
#####
#K#
#@#
#.#
###


You could see Pikel, 2 slaves, Robin and a goblin (frenzied).

Vanquished Creatures
  Sigmund (D:4)
  A slave (D:4)
  A phantom (D:4)
  A giant frog (D:3)
  A centaur skeleton (D:4)
  2 orc wizards (D:4)
  Jessica (D:2)
  5 worker ants (D:4)
  Terence (D:2)
  A hound (D:4)
  4 gnolls (D:2)
  8 adders
  A shadow imp (D:4)
  2 oozes (D:1)
  An adder skeleton (D:4)
  2 worms
  9 orcs
  8 bats
  2 giant cockroaches
  12 goblins
  3 hobgoblins
  9 jackals
  2 quokkas (D:4)
  6 ball pythons
  3 giant geckos
  6 giant newts
  8 kobolds
  A quokka skeleton (D:4)
  3 rats
  A spectral orc (D:3)
106 creatures vanquished.

Vanquished Creatures (others)
  2 hound skeletons (D:4)
2 creatures vanquished.

Grand Total: 108 creatures vanquished

Notes
Turn   | Place    | Note
--------------------------------------------------------------
     0 | D:1      | Rationalist the Formicid Fighter began the quest for the Orb.
     0 | D:1      | Reached XP level 1. HP: 18/18 MP: 1/1
    68 | D:1      | Reached XP level 2. HP: 21/24 MP: 2/2
   311 | D:1      | Reached skill level 4 in Shields
   311 | D:1      | Reached XP level 3. HP: 28/30 MP: 3/3
   624 | D:2      | Found a snail-covered altar of Cheibriados.
   675 | D:2      | Reached XP level 4. HP: 35/37 MP: 4/4
   764 | D:2      | Noticed Jessica
   769 | D:2      | Killed Jessica
  1073 | D:2      | Noticed Terence
  1084 | D:2      | Killed Terence
  1084 | D:2      | Reached XP level 5. HP: 32/42 MP: 5/5
  1113 | D:2      | Reached skill level 1 in Dodging
  1828 | D:3      | Reached XP level 6. HP: 49/49 MP: 6/6
  1959 | D:3      | Reached skill level 5 in Shields
  2047 | D:3      | Found a glowing silver altar of Zin.
  2264 | D:3      | Reached skill level 1 in Maces & Flails
  2510 | D:3      | Found a basalt altar of Yredelemnul.
  2533 | D:3      | Found a burning altar of Makhleb.
  3016 | D:4      | Found a stormy altar of Qazlal.
  3023 | D:4      | Became a worshipper of Qazlal Stormbringer
  3065 | D:4      | Reached XP level 7. HP: 26/55 MP: 7/7
  3507 | D:4      | Reached skill level 1 in Stealth
  3925 | D:4      | Reached skill level 5 in Armour
  3925 | D:4      | Reached skill level 6 in Shields
  3969 | D:4      | Found an ancient bone altar of Kikubaaqudgha.
  3988 | D:4      | Noticed Sigmund
  4005 | D:4      | Killed Sigmund
  4005 | D:4      | Reached XP level 8. HP: 39/61 MP: 8/8
  4379 | D:4      | Noticed a slave
  4379 | D:4      | Noticed a slave
  4380 | D:4      | Noticed Pikel
  4382 | D:4      | Noticed Robin
  4382 | D:4      | Noticed a slave
  4432 | D:4      | Killed a slave
  4443 | D:4      | Noticed a slave
  4452 | D:4      | Killed from afar by Pikel

Vault maps used:
D:1:      dpeg_arrival_erosion
D:2:      cheibriados_altar_1, minmay_shallow_snake_nest, uniq_jessica,
          uniq_terence
D:3:      yredelemnul_forgotten_temple_becter, nicolae_overflow_hidden_temple,
          nicolae_overflow_crystal_walls
D:4:      kennysheep_six_static_rooms, grunt_qazlal_clouds, kennysheep_mini,
          serial_glass, glass_columns_a, glass_columns_b, glass_columns_a,
          glass_columns_c, glass_columns_a, glass_columns_a, glass_columns_c,
          glass_columns_a, uniq_robin, uniq_pikel, uniq_sigmund

Action                   |  1- 3 |  4- 6 |  7- 9 || total
-------------------------+-------+-------+-------++-------
Melee: War axe           |    78 |     2 |       ||    80
       Club              |       |   170 |   113 ||   283
 Abil: Dig               |     1 |       |     3 ||     4
  Use: Potion            |       |       |     1 ||     1
  Eat: Chunk             |       |     7 |     5 ||    12
